 Dungeon Crawl Stone Soup version 0.25.1-2-g60ff931df9 (webtiles) character file.

Game seed: 6032678776186292525

87 hawla the Charlatan (level 4, -5/35 HPs)
             Began as a Minotaur Artificer on Oct 15, 2020.
             Killed by divine providence
             ... invoked by an orc priest
              (13 damage)
             ... on level 2 of the Dungeon.
             The game lasted 00:04:27 (1933 turns).

hawla the Charlatan (Minotaur Artificer)            Turns: 1933, Time: 00:04:28

Health: -5/35      AC:  5    Str: 18    XL:     4   Next: 28%
Magic:  5/5        EV: 12    Int: 14    God:
Gold:   50         SH:  0    Dex: 10    Spells: 3/3 levels left

rFire    . . .     SeeInvis .   a - +0 short sword
rCold    . . .     Gourm    .   (no shield)
rNeg     . . .     Faith    .   k - +0 ring mail (curse)
rPois    .         Spirit   .   (helmet restricted)
rElec    .         Reflect  .   (no cloak)
rCorr    .         Harm     .   (no gloves)
MR       .....                  (no boots)
Stlth    +.........             (no amulet)
HPRegen  0.11/turn              m - +6 ring of intelligence
MPRegen  0.09/turn              (no ring)

@: no status effects
A: retaliatory headbutt, horns 2
a: no special abilities


You were on level 2 of the Dungeon.
You were not hungry.

You visited 1 branch of the dungeon, and saw 2 of its levels.

You collected 50 gold pieces.

Inventory:

Hand Weapons
 a - a +0 short sword (weapon)
Armour
 k - a cursed +0 ring mail (worn)
 n - a +0 plate armour
Jewellery
 m - a +6 ring of intelligence (left hand)
Wands
 c - a wand of flame (14)
 d - a wand of enslavement (14)
Scrolls
 e - a scroll of remove curse {unknown}
 i - 3 scrolls of identify {unknown}
 l - a scroll of magic mapping {unknown}
 o - a scroll of enchant weapon {unknown}
Potions
 b - a potion of brilliance {unknown}
 h - 2 potions of curing {unknown}
 j - a potion of heal wounds {unknown}
 p - a potion of haste {unknown}
Comestibles
 f - 4 rations
 g - 5 chunks of flesh


   Skills:
 + Level 1.4 Fighting
 + Level 1.3 Short Blades
 + Level 1.5 Armour
 * Level 3.5 Dodging
 - Level 0.7 Stealth
 * Level 3.6 Evocations


You had 3 spell levels left.
You didn't know any spells.
Your spell library contained the following spells:

 Spells                   Type           Power        Failure   Level  Hunger
 Confusing Touch          Hex            #.......     83%         3    ####...
 Gell's Gravitas          Tloc           #.........   83%         3    ####...
 Petrify                  Tmut/Erth      #.......     99%         4    #####..
 Metabolic Englaciation   Hex/Ice        #.........   100%        5    ######.
 Yara's Violent Unravell  Hex/Tmut       #.........   100%        5    ######.


Dungeon Overview and Level Annotations

Branches:
Dungeon (2/15)

Altars:


Innate Abilities, Weirdness & Mutations

You reflexively headbutt those who attack you in melee.
You have a pair of horns on your head.


Message History

The orc closely misses you. The orc priest hits you with a +0 club.
You hit the orc but do no damage. You headbutt the orc.
You kill the orc!
The orc closely misses you. The orc barely misses you.
The orc priest mumbles some strange prayers to Beogh against you.
Pain shoots through your body!
You barely miss the orc priest. The orc hits you. The orc closely misses you.
The orc priest barely misses you. You furiously retaliate!
You headbutt the orc priest, but do no damage.
The orc priest hits you but does no damage.
Things that are here:
a +0 dagger; a +0 chain mail; an orc corpse You hit the orc.
You headbutt the orc.
You kill the orc!
The orc priest calls down the wrath of Beogh upon you.
Beogh smites you!
* * * LOW HITPOINT WARNING * * *
The orc priest mumbles some strange prayers to Beogh against you.
Beogh smites you!
You die...

###### ##
#########....# #.
.!.....o)@.#.# #.
#......o#....# #.
........+....# #.
........#.#.## #.
.#####+##.#..# #.
#..##.## #.
####......# #.
..........# #.
###########...####
#######


You could see an orc priest and an orc.

Vanquished Creatures
  A killer bee zombie (D:2)
  An adder (D:2)
  An ooze (D:2)
  A worm (D:2)
  4 dart slugs
  2 leopard geckos
  2 orcs (D:2)
  A ball python (D:2)
  A bat (D:1)
  2 giant cockroaches (D:1)
  3 goblins
  4 hobgoblins
  3 jackals (D:2)
  3 frilled lizards
  4 kobolds
  6 rats
39 creatures vanquished.

Vanquished Creatures (others)
  A kobold (D:2)
1 creature vanquished.

Grand Total: 40 creatures vanquished

Notes
Turn   | Place    | Note
-------+----------+-------------------------------------------
     0 | D:1      | hawla the Minotaur Artificer began the quest for the Orb.
     0 | D:1      | Reached XP level 1. HP: 16/16 MP: 1/1
   559 | D:1      | Reached XP level 2. HP: 23/23 MP: 3/3
  1558 | D:2      | Reached XP level 3. HP: 28/28 MP: 4/4
  1745 | D:2      | Reached skill level 1 in Armour
  1897 | D:2      | Reached XP level 4. HP: 35/35 MP: 5/5
  1933 | D:2      | Killed from afar by an orc priest

Illustrated notes

Levels and vault maps discovered:
D:1:      erik_arrival_cave_to_civilisation [erik_arrival_cave_to_hall],
          layout_basic
D:2:      layout_basic, minitemple, first_ration, minmay_rat_gold_closets

Skill      XL: |  1  2  3 |
---------------+----------+-----
Evocations     | 3 |  3.6
Dodging        | 3 |  3.5
Armour         | 1 |  1.5
Fighting       | |  1.4
Short Blades   | |  1.3
Stealth        | |  0.7

Action                   |  1- 3 |  4- 6 || total
-------------------------+-------+-------++-------
Melee: Short sword       |    84 |    16 ||   100
       Headbutt          |     7 |     2 ||     9
Evoke: Wand              |    17 |       ||    17
  Use: Scroll            |     1 |       ||     1
  Eat: Chunk             |     3 |       ||     3
Armor: Leather armour    |    15 |       ||    15
       Ring mail         |    15 |     5 ||    20
Dodge: Dodged            |    55 |    15 ||    70
